 Dungeon Crawl Stone Soup version 0.30-a0-743-gbfdf073431 (webtiles) character file.

Game seed: 2486015111326962036

620 cforsyth the Summoner (level 7, -5/36 HPs)
             Began as a Tengu Summoner on Feb 7, 2023.
             Killed by divine providence
             ... invoked by an orc priest
              (13 damage)
             ... on level 4 of the Dungeon.
             The game lasted 00:10:17 (3962 turns).

cforsyth the Summoner (Tengu Summoner)              Turns: 3962, Time: 00:10:18

Health: -5/36      AC:  5    Str:  8    XL:     7   Next: 46%
Magic:  13/16      EV: 14    Int: 17    God:
Gold:   207        SH:  0    Dex: 15    Spells: 7/16 levels left

rFire   . . .      SeeInvis .    (no weapon)
rCold   . . .      Faith    .    (no shield)
rNeg    . . .      Spirit   .    a - +1 robe
rPois   .          Reflect  .    f - +2 hat
rElec   .          Harm     .    (no cloak)
rCorr   .          Rampage  .    (no gloves)
Will    .....                    (boots unavailable)
Stlth   ++                       k - amulet of regeneration
HPRegen 1.06/turn                (no ring)
MPRegen 0.15/turn                (no ring)

@: flying quickly and evasively, quick
A: beak, talons 3, nimble flight
a: no special abilities


You were on level 4 of the Dungeon.
You visited 2 branches of the dungeon, and saw 5 of its levels.

You collected 207 gold pieces.

Inventory:

Missiles
 u - 2 throwing nets
Armour
 a - a +1 robe (worn)
 f - a +2 hat (worn)
Jewellery
 k - an amulet of regeneration (around neck)
 v - an amulet of faith
Wands
 z - a wand of flame (7)
Scrolls
 c - a scroll of butterflies {unknown}
 g - 6 scrolls of identify {unknown}
 h - a scroll of magic mapping {unknown}
 i - a scroll of amnesia {unknown}
 m - a scroll of enchant weapon {unknown}
 p - a scroll of enchant armour
 q - a scroll of vulnerability {unknown}
 r - a scroll of acquirement {unknown}
 s - 2 scrolls of fog {unknown}
 w - a scroll of noise {unknown}
 x - 2 scrolls of teleportation {unknown}
 y - a scroll of fear {unknown}
Potions
 b - 3 potions of magic
 d - a potion of curing {unknown}
 e - a potion of attraction {unknown}
 j - 2 potions of brilliance {unknown}
 l - 2 potions of heal wounds {unknown}
 n - a potion of resistance {unknown}
 o - 4 potions of mutation {unknown}
 t - a potion of degeneration {unknown}


   Skills:
 - Level 2.1 Dodging
 - Level 2.0 Stealth
 + Level 5.4 Spellcasting
 + Level 8.2 Summonings


You had 7 spell levels left.
You knew the following spells:

 Your Spells              Type           Power      Damage    Failure   Level
a - Summon Small Mammal   Summ           100%       N/A       1%          1
b - Call Imp              Summ           32%        N/A       1%          2
c - Call Canine Familiar  Summ           32%        N/A       1%          3
d - Summon Guardian Gole  Hex/Summ       18%        N/A       8%          3

Your spell library contained the following spells:

 Spells                   Type           Power      Damage    Failure   Level
 Summon Lightning Spire   Summ/Air       18%        N/A       26%         4


Dungeon Overview and Level Annotations

Branches:
Dungeon (4/15)             Temple (1/1) D:4

Altars:
Ashenzari
Elyvilon
Fedhas
Makhleb
Nemelex Xobeh
Okawaru
Sif Muna
Trog
Vehumet
Wu Jian
Xom
The Shining One


Innate Abilities, Weirdness & Mutations

You have a beak for a mouth.
You have claws for feet.
Your magical nature lets you fly swiftly and evasively.


Message History

Your hound bites the orc.
The orc misses your hound.
Your hound cocks its head sideways at you.
Your hound bites the orc.
The orc dies!
Your hound barely misses the orc priest.
The orc priest hits your hound with a +0 club.
Your hound barely misses the orc priest.
Your hound barely misses the orc priest.
The orc priest hits your hound with a +0 club.
Your hound barely misses the orc priest.
The orc priest hits your hound with a +0 club.
Your hound bites the orc priest.
Your hound bites the orc priest.
The orc priest invokes the aid of Beogh against you.
Beogh smites you!
Your hound bites the orc priest.
Your hound closely misses the orc priest.
Your hound bites the orc priest.
The orc priest calls down the wrath of Beogh upon your hound.
Your hound is smitten.
Your hound dies!
Your hound's corpse disappears in a puff of smoke!
Casting: Call Canine Familiar (safe; 1% risk of failure)
Confirm with . or Enter, or press ? or * to list all spells.
The orc wizard casts a spell at you. You resist with some effort.
The orc priest calls down the wrath of Beogh upon you.
Beogh smites you!
Unknown command.
You swap places.
The orc wizard points at you and mumbles some strange words.
Your hound resists with significant effort.
The orc priest mumbles some strange prayers to Beogh against you.
Beogh smites you!
* * * LOW HITPOINT WARNING * * *
Your hound bites the orc wizard.
The orc wizard hits your hound but does no damage.
The orc priest calls down the wrath of Beogh upon you.
Beogh smites you!
You die...

##.##...#.#..####...##.####.#
........#.#.......#.##.# #.#
..................⌠....# #.#
##.##..................# #.#
.....<....#.....⌠.>.⌠..# #.#
####.........#.........####.#
# #.#.#######....⌠.........#
# #.#.# #.#.#.#.#.###### #
#.#.# #.#@#.....# #.#.#
#.#.#####.# #.#.##### #.#.#
#.####### #.#.....# #.#h#
#.......# #.#####.#
#.#o###########.# #.# #.#
#.#o).o.oo# #.# #.# #.#
#.######### #.# ## #.# #.#
#.# #_## #.# .# #.# #.# #.#
..8# #.#


You could see an orc priest, an orc wizard (ally target) and a friendly hound
(summoned).

Vanquished Creatures
  A worm (D:2)
  An orc (D:4)
  A bat (D:2)
  A giant cockroach (D:2)
  2 goblins
  A hobgoblin (D:1)
  A jackal (D:3)
  A rat (D:2)
9 creatures vanquished.

Vanquished Creatures (collateral kills)
  An ogre (D:3)
  A howler monkey (D:4)
  A jelly (D:4)
  An orc priest (D:3)
  A hound (D:4)
  2 iguanas (D:4)
  An orc wizard (D:3)
  Natasha (thrice) (D:2)
  Robin (D:3)
  3 gnolls (D:3)
  An adder (D:4)
  3 worms
  A dart slug (D:3)
  8 orcs
  2 ball pythons (D:2)
  2 bats
  7 endoplasms
  2 giant cockroaches
  16 goblins
  9 hobgoblins
  4 jackals
  2 quokkas
  7 kobolds
  7 rats
86 creatures vanquished.

Vanquished Creatures (others)
  An orc warrior (D:3)
1 creature vanquished.

Grand Total: 96 creatures vanquished

Notes
Turn   | Place    | Note
-------+----------+-------------------------------------------
     0 | D:1      | cforsyth the Tengu Summoner began the quest for the Orb.
     0 | D:1      | Reached XP level 1. HP: 10/10 MP: 4/4
   193 | D:1      | Reached skill level 5 in Summonings
   243 | D:1      | Reached XP level 2. HP: 15/15 MP: 3/6
   311 | D:1      | Learned a level 2 spell: Call Imp
   860 | D:2      | Found a faded altar of an unknown god.
   934 | D:2      | Reached XP level 3. HP: 19/19 MP: 3/7
  1194 | D:2      | Learned a level 3 spell: Call Canine Familiar
  1205 | D:2      | Noticed Natasha
  1214 | D:2      | Killed Natasha
  1215 | D:2      | Reached XP level 4. HP: 24/24 MP: 5/9
  1252 | D:2      | Found a broken altar of Ashenzari.
  1316 | D:2      | Noticed Natasha
  1327 | D:2      | Killed Natasha
  1328 | D:2      | Reached skill level 6 in Summonings
  1447 | D:2      | Noticed Natasha
  1467 | D:2      | Killed Natasha
  1978 | D:3      | Gained mutation: Your magical nature lets you fly swiftly
                  | and evasively. [Tengu growth]
  1978 | D:3      | Reached XP level 5. HP: 28/28 MP: 3/11
  2181 | D:3      | Found a shimmering altar of Xom.
  2215 | D:3      | Found a sparkling altar of Nemelex Xobeh.
  2215 | D:3      | Noticed an orc warrior
  2357 | D:2      | Learned a level 3 spell: Summon Guardian Golem
  2366 | D:3      | Killed an orc warrior
  2367 | D:3      | Reached skill level 7 in Summonings
  2367 | D:3      | Reached XP level 6. HP: 12/32 MP: 2/13
  2492 | D:3      | Found a bloodstained altar of Trog.
  2687 | D:3      | Noticed Robin
  2710 | D:3      | Killed Robin
  2754 | D:3      | Reached XP level 7. HP: 36/36 MP: 8/15
  3005 | D:4      | Reached skill level 5 in Spellcasting
  3392 | D:4      | Reached skill level 8 in Summonings
  3665 | D:4      | Found a staircase to the Ecumenical Temple.
  3703 | Temple   | Entered the Ecumenical Temple
  3900 | D:4      | Found a glowing golden altar of the Shining One.
  3962 | D:4      | Killed from afar by an orc priest

Illustrated notes

Levels and vault maps discovered:
D:1:      dpeg_arrival_long_road, layout_loops_ring, feat_on_display
D:2:      layout_basic, chequers_ecumenical_altar_simple, basic_altar,
          uniq_natasha
D:3:      layout_rooms, mainiacjoe_overflow_small_starburst, old_standard_altar,
          trog_hazing_becter, uniq_robin
D:4:      layout_loops_ring, nicolae_overflow_hidden_temple, temple_fountains,
          minmay_misc_feat_columns, minmay_misc_feat_diagonals
Temple:   nicolae_temple_great_sept

Skill      XL: |  1  2  3  4  5  6  7 |
---------------+----------------------+-----
Summonings     | 5 6 7 8 |  8.2
Spellcasting   | 3 4 5 |  5.4
Dodging        | |  2.1
Stealth        | |  2.0

Action                     |  1- 3 |  4- 6 |  7- 9 || total
---------------------------+-------+-------+-------++-------
  Melee: Unarmed           |    21 |    11 |     6 ||    38
         Peck              |     5 |     3 |     4 ||    12
         Kick              |     5 |     1 |     1 ||     7
   Cast: Summon Small Mamm |    31 |    16 |     6 ||    53
         Call Imp          |     7 |     6 |     3 ||    16
         Call Canine Famil |     1 |    11 |    10 ||    22
         Summon Guardian G |       |     1 |       ||     1
    Use: Scroll            |       |     1 |       ||     1
   Stab: Distracted        |     1 |       |       ||     1
 Armour: Robe              |    10 |    13 |     3 ||    26
  Dodge: Dodged            |    31 |    26 |     7 ||    64

Table legend: (Time is in decaauts)
 A = Elapsed time spent in this place.
 B = Non-inter-level travel time spent in this place.
 C = Inter-level travel time spent in this place.
 D = Time resting spent in this place.
 E = Time spent auto-exploring this place.
 F = Levels seen in this place.
 G = Mean time per level.
                   A        B        C        D        E       F      G
               +--------+--------+--------+--------+--------+-----+--------+
         Total |   3848 |   3740 |    108 |    164 |   2679 |   5 |  769.6 |
       Dungeon |   3772 |   3674 |     98 |    164 |   2620 |   4 |  943.0 |
        Temple |     76 |     66 |     10 |      0 |     59 |   1 |   76.0 |
               +--------+--------+--------+--------+--------+-----+--------+

Top non-repeatable levels by time:
     D:2: 1226 daAuts
     D:3: 917 daAuts
     D:4: 830 daAuts
     D:1: 797 daAuts
  Temple: 76 daAuts
